cohdb
Replays
Latest Replays
All Replays
Popular Replays
Top Player Replays
Match Explorer
How It Works
Community
CoH3 Stats
Reddit
Sign in to upload your games and track your stats! →
Sign in with Steam
Match 42058879
Unlisted
Match 42058879
Overview
Messages
Build Orders
End
Construct Infanterie Kompanie
Kettenkrad Recon Vehicle
MG 42 Machine Gun Team
Sniper
Grenadier Squad
Grenadier Squad
Construct Luftwaffe Kompanie
Jäger Squad
Selects Italian Coastal Battlegroup
Selects Coastal Reserves
Selects Artillery Officer
Artillery Officer
[HAN]Diederick Kastner
宝多六花
宇杰
帝国の突撃隊
Mortus
HeySushiii_TTV
残年 榊羽
XnXX
0
0
Comments
sign in to comment!
No comments posted yet!